 Seeded DCSS version 0.32-a0-961-gd60f5e5fc7 (webtiles) character file.

Game seed: 2024041702 (custom seed)

56 Orlauf the Chopper (level 3, -2/28 HPs)
             Began as a Demonspawn Gladiator on Apr 17, 2024.
             Slain by a gnoll
             ... wielding a +0 flail
              (9 damage)
             ... on level 2 of the Dungeon.
             The game lasted 00:00:58 (1026 turns).

Orlauf the Chopper (Demonspawn Gladiator)           Turns: 1026, Time: 00:00:59

Health: -2/28      AC:  5    Str: 16    XL:     3   Next: 71%
Magic:  3/3        EV: 10    Int:  8    God:
Gold:   66         SH:  0    Dex: 14    Spells: 2/2 levels left

rFire   . . .        a - +1 war axe
rCold   . . .        (no shield)
rNeg    . . .        m - +0 ring mail
rPois   .            (helmet restricted)
rElec   .            (no cloak)
rCorr   .            (no gloves)
SInv    .            (no boots)
Will    .....        (no amulet)
Stlth   +            (no ring)
HPRegen 1.24/turn    (no ring)
MPRegen 0.08/turn

%: no passive effects
@: no status effects
A: horns 1, powered by death 1
a: no special abilities


You were on level 2 of the Dungeon.
You visited 1 branch of the dungeon, and saw 2 of its levels.

You collected 66 gold pieces.

Inventory:

Hand Weapons
 a - a +1 war axe (weapon)
Missiles
 d - 3 throwing nets (quivered)
 e - a javelin
Armour
 b - a +0 leather armour
 m - a +0 ring mail (worn)
Jewellery
 g - a +6 ring of intelligence
Scrolls
 c - a scroll of enchant armour {unknown}
 h - a scroll of identify
Potions
 f - a potion of curing
 j - a potion of mutation


   Skills:
 + Level 2.8 Fighting
 * Level 3.8 Axes
 - Level 1.7 Throwing
 - Level 2.6 Dodging


You had 2 spell levels left.
You didn't know any spells.
Your spell library contained the following spells:

 Spells                   Type           Power      Damage    Failure   Level
 Iskenderun's Battlesphe  Conj           0%         2d6       100%        5
 Bombard                  Conj/Erth      0%         9d1       100%        6
 Spellforged Servitor     Conj/Summ      0%         N/A       100%        7


Dungeon Overview and Level Annotations

Branches:
Dungeon (2/15)

Altars:


Innate Abilities, Weirdness & Mutations

You have a pair of small horns on your head.
You regenerate a little health from kills.


Message History

g - a +6 ring of intelligence No target in view!
A gnoll comes into view. It is wielding a +0 club.
The gnoll shouts!
A gnoll comes into view. It is wielding a +0 club.
A gnoll comes into view. It is wielding a +0 flail.
The gnoll shouts! x2
The gnoll hits you with a +0 club.
You slash the gnoll!
The gnoll is almost dead.
The gnoll barely misses you.
You barely miss the gnoll.
The gnoll is almost dead.
You barely miss the gnoll. The gnoll hits you with a +0 club. x2
You slash the gnoll!
You kill the gnoll!
You hit the gnoll. The gnoll hits you with a +0 club.
The gnoll barely misses you. x2
You hit the gnoll.
The gnoll is moderately wounded.
You slash the gnoll! The gnoll hits you with a +0 club!
The gnoll hits you with a +0 flail.
* * * LOW HITPOINT WARNING * * *
You are too injured to fight recklessly!
You are too injured to fight recklessly!
You are too injured to fight recklessly!
You are too injured to fight recklessly!
You are too injured to fight recklessly!
You are too injured to fight recklessly!
You are too injured to fight recklessly!
You are too injured to fight recklessly!
You barely miss the gnoll. You headbutt the gnoll.
The gnoll is severely wounded.
You barely miss the gnoll. The gnoll barely misses you.
The gnoll hits you with a +0 flail.
* * * LOW HITPOINT WARNING * * *
You slash the gnoll!
You kill the gnoll!
You hit the gnoll but do no damage. The gnoll hits you with a +0 flail!
You die...

########### #.........##
#........... ###
##.........#. ...##
####..........##
#...##.............## .
#....###...........
....##)...........###.##
#...g@................
.#########.............
........###....#....)[.
.######..#....#......#.
#.............###.##
#.........##....#.##
#.............#...#.
#..........##.......
#..........######...


You could see a gnoll.

Vanquished Creatures
  An adder (D:2)
  3 gnolls
  A dart slug (D:1)
  3 bats (D:1)
  3 endoplasms
  4 goblins
  4 hobgoblins
  A ball python (D:2)
  2 kobolds (D:1)
  5 rats
27 creatures vanquished.

Notes
Turn   | Place    | Note
-------+----------+-------------------------------------------
     0 | D:1      | Orlauf the Demonspawn Gladiator began the quest for the
                  | Orb.
     0 | D:1      | Reached XP level 1. HP: 16/16 MP: 1/1
   229 | D:1      | Reached skill level 3 in Axes
   364 | D:1      | Gained mutation: You regenerate a little health from kills.
                  | [demonic ancestry]
   364 | D:1      | Reached XP level 2. HP: 23/23 MP: 2/2
   888 | D:2      | Gained mutation: You have a pair of small horns on your
                  | head. [demonic ancestry]
   888 | D:2      | Reached XP level 3. HP: 28/28 MP: 3/3
  1026 | D:2      | Slain by a gnoll

Illustrated notes

Levels and vault maps discovered:
D:1:      elethiomel_arrival_infinity_welcomes_careful_drivers,
          layout_loops_ring, dk_noncrumbling_4
D:2:      layout_rooms

Skill      XL: |  1 |
---------------+----+-----
Axes           | 3 |  3.8
Fighting       | |  2.8
Throwing       | |  1.7
Dodging        | |  2.6

Action                     || total
---------------------------++-------
  Melee: War axe           ||    58
         Headbutt          ||     2
    Use: Scroll            ||     7
 Armour: Leather armour    ||    30
         Ring mail         ||    15
  Dodge: Dodged            ||    41

Table legend: (Time is in decaauts)
 A = Elapsed time spent in this place.
 B = Non-inter-level travel time spent in this place.
 C = Inter-level travel time spent in this place.
 D = Time resting spent in this place.
 E = Time spent auto-exploring this place.
 F = Levels seen in this place.
 G = Mean time per level.
                   A        B        C        D        E       F      G
               +--------+--------+--------+--------+--------+-----+--------+
         Total |   1045 |   1039 |      6 |    100 |    760 |   2 |  522.5 |
       Dungeon |   1045 |   1039 |      6 |    100 |    760 |   2 |  522.5 |
               +--------+--------+--------+--------+--------+-----+--------+

Top non-repeatable levels by time:
     D:1: 899 daAuts
     D:2: 146 daAuts
